 Dungeon Crawl Stone Soup version 0.32-a0-818-gb728d0252e (webtiles) character file.

Game seed: 2116276686158505653

35731 GeoRichter the Severer (level 13, -8/122 HPs)
             Began as a Mountain Dwarf Reaver on Mar 24, 2024.
             Was a High Priest of Okawaru.
             Mangled by a cane toad (17 damage)
             ... on level 3 of the Lair of Beasts.
             The game lasted 00:27:11 (16709 turns).

GeoRichter the Severer (Mountain Dwarf Reaver)     Turns: 16709, Time: 00:27:11

Health: -8/122     AC:  0    Str: 20    XL:     13   Next: 49%
Magic:  23/23      EV: 12    Int: 14    God:    Okawaru [*****.]
Gold:   1039       SH:  0    Dex:  8    Spells: 14/15 levels left

rFire   . . .        a - melded +0 war axe
rCold   . . .        t - melded +0 buckler
rNeg    . . .        k - melded +11 chain mail "Eremet" {*Corrode rElec Str+4 Dex+3}
rPois   .            (helmet currently unavailable)
rElec   .            w - melded +2 cloak
rCorr   .            x - melded +0 pair of gloves
SInv    .            L - melded +1 pair of boots of Ynlimaig {rCorr Stlth+}
Will    +....        (no amulet)
Stlth   +            j - melded ring "Jath" {rPois rC+ Dex+5}
HPRegen 0.40/turn    C - melded +4 ring of protection
MPRegen 0.18/turn

%: no passive effects
@: about to teleport, pig-form (expiring), very quick
A: fast, no casting, small, runic magic, artefact enchanting
a: Renounce Religion, Heroism, Finesse, Duel


You were on level 3 of the Lair of Beasts.
You worshipped Okawaru.
Okawaru was extremely pleased with you.
You were a filthy swine.
You visited 3 branches of the dungeon, and saw 14 of its levels.
You also visited: Bailey and Ice Cave.

You collected 1809 gold pieces.
You spent 770 gold pieces at shops.

Inventory:

Hand Weapons
 a - a +0 war axe (melded)
   (You took it off an orc on level 6 of the Dungeon)
 c - a +2 eveningstar of draining
   (You took it off Urug on level 3 of the Lair of Beasts)
Missiles
 d - 8 javelins
 r - a throwing net {!f}
 H - 4 silver javelins
Armour
 k - the +11 chain mail "Eremet" (melded) {*Corrode rElec Str+4 Dex+3}
   (You found it on level 2 of the Dungeon)

   Str+4:     It affects your strength (+4).
   Dex+3:     It affects your dexterity (+3).
   rElec:     It insulates you from electricity.
   *Corrode:  It may corrode you when you take damage.
 t - a +0 buckler (melded)
   (You bought it in a shop on level 5 of the Dungeon)
 w - a +2 cloak (melded)
   (You found it on level 2 of the Dungeon)
 x - a +0 pair of gloves (melded)
   (You found it in an ice cave)
 I - a +0 helmet
   (You found it on level 2 of the Lair of Beasts)
 L - the +1 pair of boots of Ynlimaig (melded) {rCorr Stlth+}
   (You found it on level 1 of the Lair of Beasts)

   rCorr:     It protects you from acid and corrosion.
   Stlth+:    It makes you more stealthy.
Jewellery
 b - a ring of poison resistance
   (You found it on level 3 of the Lair of Beasts)
 e - a ring of see invisible
   (You found it on level 1 of the Dungeon)
 f - a ring of resist corrosion
   (You found it on level 1 of the Dungeon)
 j - the ring "Jath" (melded) {rPois rC+ Dex+5}
   (You bought it in a shop on level 2 of the Dungeon)

   [ring of protection from cold]

   Dex+5:     It affects your dexterity (+5).
   rC+:       It protects you from cold.
   rPois:     It protects you from poison.
 C - a +4 ring of protection (melded)
   (You found it on level 8 of the Dungeon)
Wands
 n - a wand of mindburst (12)
   (You found it on level 5 of the Dungeon)
Scrolls
 h - a scroll of fear {unknown}
 i - a scroll of vulnerability {unknown}
 l - 8 scrolls of teleportation {@r4}
 p - 2 scrolls of enchant weapon
 s - 4 scrolls of poison {!r}
 u - 6 scrolls of enchant armour
 v - 2 scrolls of fog
 z - a scroll of immolation {!r}
 F - a scroll of brand weapon
Potions
 g - 2 potions of resistance
 m - a potion of invisibility {unknown}
 y - 5 potions of curing {@q1}
 A - 3 potions of cancellation
 B - a potion of attraction {unknown}
 E - a potion of mutation {unknown}
 G - 4 potions of brilliance {unknown}
 J - a potion of ambrosia {unknown}


   Skills:
 + Level 13.2 Fighting
 - Level 16.4 Axes
 + Level 7.8 Armour
 - Level 1.3 Dodging
 + Level 7.5 Shields
 - Level 1.7 Spellcasting
 - Level 2.6 Conjurations
 - Level 14.0 Invocations
 * Level 3.2 Evocations


You had 14 spell levels left.
You knew the following spells:

 Your Spells              Type           Power      Damage    Failure   Level
a - Kiss of Death         Conj/Necr      16%        2d6       14%         1

Your spell library contained the following spells:

 Spells                   Type           Power      Damage    Failure   Level
 Magic Dart               Conj           32%        1d4       9%          1
 Searing Ray              Conj           16%        2d5       12%         2
 Momentum Strike          Conj/Tloc      8%         3d8       22%         2
 Apportation              Tloc           2%         N/A       24%         1
 Freeze                   Ice            4%         1d3       24%         1
 Blink                    Tloc           2%         N/A       36%         2
 Jinxbite                 Hex            2%         N/A       36%         2
 Sublimation of Blood     Necr           1%         N/A       36%         2
 Hailstorm                Conj/Ice       4%         3d5       38%         3
 Frozen Ramparts          Ice            2%         1d1       58%         3
 Fulminant Prism          Conj/Alch      2%         3d5       80%         4
 Ignite Poison            Fire/Alch      1%         N/A       94%         4
 Leda's Liquefaction      Alch/Erth      0%         N/A       94%         4
 Petrify                  Alch/Erth      1%         N/A       94%         4
 Sticky Flame             Fire/Alch      1%         2d4       94%         4
 Irradiate                Conj/Alch      2%         3d12      98%         5
 Alistair's Intoxication  Alch           0%         N/A       100%        5
 Metabolic Englaciation   Hex/Ice        0%         N/A       100%        5
 Ozocubu's Refrigeration  Ice            0%         4d7       100%        7
 Ignition                 Fire           0%         3d3       100%        8
 Polar Vortex             Ice            0%         N/A       100%        9
 Call Imp                 Summ           Unusable   N/A       N/A         2
 Sculpt Simulacrum        Ice/Alch       Unusable   N/A       N/A         6

Dungeon Overview and Level Annotations

Branches:
Dungeon (9/15) Zot: 25546  Temple (1/1) D:7 Zot: 5824    Lair (4/5) D:9 Zot: 19936
  Swamp (0/4) Lair:2       Spider (0/4) Lair:3       Bailey (visited)
  IceCv (visited)
  Slime: Lair:4-5       Orc: D:9-12

Altars:
Ashenzari
Cheibriados
Dithmenos
Elyvilon
Fedhas
Gozag
Hepliaklqana
Kikubaaqudgha
Makhleb
Nemelex Xobeh
Okawaru
Qazlal
Ru
Sif Muna
Trog
Uskayaw
Vehumet
Wu Jian
Xom
Yredelemnul
Zin
The Shining One

Shops:
D:1 !((*   D:2 *   D:3 !   D:5 [

Annotations:
D:8 2 transporters, glosham's ghost, novice CoGl
Lair:2 2 transporters, GeoRichter's ghost, journeyman DsWr
Lair:4 Kirke


Innate Abilities, Weirdness & Mutations

You are a filthy swine.
You move quickly.
Your equipment is almost entirely melded.
You are incapable of wielding weapons or throwing items.
You cannot cast spells.
Your spellcasting is much less encumbered by armour.
You can use scrolls of enchantment on lesser artefacts.


Message History

You miss something.
You hear some strange, mumbled words.
You turn into a filthy swine.
Your +0 war axe melds into your body.
Your +2 cloak melds into your body.
Your +0 pair of gloves melds into your body.
The +1 pair of boots of Ynlimaig {rCorr Stlth+} melds into your body.
Your +0 buckler melds into your body.
The +11 chain mail "Eremet" {*Corrode rElec Str+4 Dex+3} melds into your body.
The ring "Jath" {rPois rC+ Dex+5} melds into your body.
Your +4 ring of protection melds into your body.
You hear an angry hiss.
Unknown command.
You barely miss the cane toad.
The cane toad is lightly wounded.
The cane toad barely misses you. Something hits you!
* * * LOW HITPOINT WARNING * * *
You hear an angry hiss.
Blink to where?
Press: ? - help, Dir - move target
As you read the scroll of blinking, it crumbles to dust.
A basilisk comes into view.
A wyvern comes into view.
The wyvern hisses angrily.
There is a stone staircase leading up here.
The cane toad closely misses you. The yak gores you.
* * * LOW HITPOINT WARNING * * *
You climb upwards.
Reactivating autopickup.
There is a stone staircase leading down here.
The cane toad closely misses you. The cane toad barely misses you.
The cane toad attacks as it pursues you!
The cane toad stings you!!
* * * LOW HITPOINT WARNING * * *
You feel better. The cane toad stings you!!
* * * LOW HITPOINT WARNING * * *
The yak gores the fungus.
The fungus begins to die.
As you read the scroll of teleportation {@r4}, it crumbles to dust.
You feel strangely unstable. The cane toad stings you!
* * * LOW HITPOINT WARNING * * *
The yak gores the fungus!
Okay, then.
Aiming: Mindburst
Press: ? - help, Shift-Dir - straight line, f - cane toad
Aim: a cane toad (lightly wounded, chance to affect: 77%)
The cane toad barely resists.
Your transformation is almost over.
The cane toad stings you!
You die...

#...## #.....##.
#...P# ##.####..
##....# ####^...
#.....# ##...^.#
###...P######.^..^##
#.#....P..##.^.^.##.
##....P...#...^..###
#.......##.>..###..
#.h.....#....###...
##FP##########.....
#Y.# #...........
#>## ##..........
##.# #...........
#..# #..........#
#..# ##.#........
#..#### #.........#
##.##.###...#.#..#.


You could see a yak and a cane toad.

Vanquished Creatures
  3 hydras
  Fannar (Lair:3)
  4 death yaks (Lair:4)
  Urug (Lair:3)
  3 skeletal warriors (D:8)
  A necromancer (IceCv)
  3 bog bodies
  An orc knight (Bailey)
  A wolf spider (Lair:3)
  7 elephants (Lair:2)
  3 black mambas
  2 ice statues (IceCv)
  4 cane toads
  A torpor snail (Lair:1)
  2 kobold demonologists (D:9)
  6 komodo dragons
  4 anaconda simulacra (IceCv)
  A polar bear (Lair:2)
  4 ice devils (IceCv)
  A hornet (D:7)
  12 blink frogs
  3 dire elephant simulacra (IceCv)
  A culicivora (Lair:3)
  27 yaks
  3 basilisks
  3 wyverns
  Eustachio (D:5)
  A wraith (D:9)
  5 hogs (Lair:4)
  Grum (D:8)
  A steam dragon (Lair:3)
  2 death yak simulacra (IceCv)
  14 water moccasins
  3 harpy simulacra (IceCv)
  2 acid dragons
  12 orc warriors
  3 ice beasts
  2 sky beasts (D:6)
  A black bear (D:6)
  3 wolves (D:8)
  A centaur (D:9)
  3 ogres (D:5)
  4 kobold brigands
  A phantom (D:4)
  A gnoll sergeant (D:9)
  9 bullfrogs
  2 scorpions
  A cane toad simulacrum (IceCv)
  3 wights (D:6)
  8 killer bees (D:8)
  A howler monkey (D:6)
  5 bombardier beetles
  2 gnoll boudas
  2 hounds (D:5)
  6 orc priests
  5 jellies
  7 iguanas
  A sleepcap (D:7)
  8 orc wizards
  2 polar bear simulacra (IceCv)
  A spriggan simulacrum (IceCv)
  A wolf simulacrum (IceCv)
  7 adders
  13 gnolls
  A naga simulacrum (IceCv)
  12 white imps (Lair:2)
  4 ufetubi (D:5)
  2 dart slugs (D:3)
  55 orcs
  7 bats
  5 endoplasms
  A giant cockroach (D:3)
  10 goblins
  6 hobgoblins
  17 jackals
  3 quokkas
  7 ball pythons
  5 frilled lizards
  27 kobolds
  6 rats
415 creatures vanquished.

Notes
Turn   | Place    | Note
-------+----------+-------------------------------------------
     0 | D:1      | GeoRichter the Mountain Dwarf Reaver began the quest for
                  | the Orb.
     0 | D:1      | Reached XP level 1. HP: 17/17 MP: 3/3
    54 | D:1      | Found Zifeiq's Weapon Boutique.
   341 | D:1      | Reached skill level 4 in Axes
   409 | D:1      | Reached XP level 2. HP: 25/25 MP: 4/4
   412 | D:1      | Found Xulasior's General Store.
   627 | D:1      | Found Wenez's Antique Weapon Boutique.
   717 | D:1      | Found Asylall's Distillery.
   890 | D:2      | Found Ethrav's General Store.
   925 | D:2      | Bought a scroll of identify for 22 gold pieces
  1097 | D:2      | Identified the +11 chain mail "Eremet" {*Corrode rElec
                  | Str+4 Dex+3}
  1105 | D:2      | Reached XP level 3. HP: 26/30 MP: 5/5
  1396 | D:2      | Reached skill level 5 in Axes
  1563 | D:2      | Reached XP level 4. HP: 38/38 MP: 6/6
  1783 | D:3      | Reached skill level 6 in Axes
  1859 | D:3      | Reached XP level 5. HP: 46/46 MP: 7/7
  2066 | D:3      | Found Ahammuso's Distillery.
  2073 | D:3      | Bought a potion of curing for 39 gold pieces
  2073 | D:3      | Bought a potion of heal wounds for 65 gold pieces
  2560 | D:4      | Noticed a phantom
  2587 | D:4      | Killed a phantom
  2588 | D:4      | Reached skill level 7 in Axes
  2588 | D:4      | Reached XP level 6. HP: 53/53 MP: 8/8
  3043 | D:5      | Entered Level 5 of the Dungeon
  3055 | D:5      | Noticed a water moccasin
  3082 | D:5      | Killed a water moccasin
  3083 | D:5      | Reached skill level 5 in Fighting
  3083 | D:5      | Reached skill level 8 in Axes
  3083 | D:5      | Reached XP level 7. HP: 50/61 MP: 9/9
  3297 | D:5      | HP: 1/61 [ogre/+0 giant spiked club (4)]
  3300 | D:5      | Reached skill level 9 in Axes
  3598 | D:5      | Noticed Eustachio
  3634 | D:5      | Killed Eustachio
  3635 | D:5      | Reached skill level 10 in Axes
  3635 | D:5      | Reached XP level 8. HP: 51/71 MP: 10/10
  4275 | D:5      | Reached skill level 11 in Axes
  4402 | D:5      | Found Ceadwuj's Armour Emporium.
  4991 | D:6      | Reached skill level 12 in Axes
  4991 | D:6      | Reached XP level 9. HP: 76/81 MP: 11/11
  5278 | D:5      | Bought a +0 buckler for 49 gold pieces
  5876 | D:6      | Reached skill level 13 in Axes
  6342 | D:7      | Paralysed by a hornet for 2 turns
  6406 | D:7      | Found a staircase to the Ecumenical Temple.
  6413 | Temple   | Entered the Ecumenical Temple
  6579 | Temple   | Became a worshipper of Warmaster Okawaru
  6618 | D:7      | Reached skill level 1 in Invocations
  7002 | D:7      | Reached * piety under Okawaru
  7417 | D:8      | Found a transporter.
  7421 | D:8      | Reached skill level 14 in Axes
  7446 | D:8      | Found a transporter.
  7447 | D:8      | Noticed glosham's ghost (novice CoGl)
  7646 | D:8      | Noticed Grum
  7669 | D:8      | Reached XP level 10. HP: 75/91 MP: 12/12
  7687 | D:8      | Killed Grum
  8109 | D:8      | Reached ** piety under Okawaru
  8294 | D:8      | Noticed a skeletal warrior
  8294 | D:8      | Noticed a skeletal warrior
  8331 | D:8      | Killed a skeletal warrior
  8332 | D:8      | Reached skill level 10 in Fighting
  8332 | D:8      | Reached skill level 15 in Axes
  8332 | D:8      | Reached skill level 5 in Invocations
  8341 | D:8      | Killed a skeletal warrior
  8601 | D:8      | Noticed a two-headed ogre
  8777 | D:8      | Noticed a skeletal warrior
  8803 | D:8      | Killed a skeletal warrior
  8803 | D:8      | Reached *** piety under Okawaru
  9033 | D:9      | Found a sparkling altar of Nemelex Xobeh.
  9057 | D:9      | Found a flagged portal.
  9077 | D:9      | Noticed an orange demon
  9081 | D:9      | Reached XP level 11. HP: 72/101 MP: 15/15
  9102 | D:9      | Reached skill level 16 in Axes
  9168 | Bailey   | Entered a bailey
  9642 | Bailey   | Reached **** piety under Okawaru
  9723 | Bailey   | Reached skill level 1 in Armour
  9775 | Bailey   | Found the +7 mace of Variability {chaos, chaos arc}
  9775 | Bailey   | Noticed an orc knight
  9792 | Bailey   | Killed an orc knight
  9932 | Bailey   | Acquired 1008 gold pieces
 10184 | D:2      | Bought a scroll of enchant armour for 82 gold pieces
 10184 | D:2      | Bought the ring "Jath" {rPois rC+ Dex+5} for 513 gold
                  | pieces
 10751 | D:9      | Found a staircase to the Lair.
 11210 | Lair:1   | Entered Level 1 of the Lair of Beasts
 11230 | Lair:1   | Reached skill level 1 in Shields
 11386 | Lair:1   | Reached ***** piety under Okawaru
 11812 | Lair:1   | Received a gift from Okawaru
 12140 | Lair:1   | Identified the +1 pair of boots of Ynlimaig {rCorr Stlth+}
 12143 | Lair:1   | Found an iron altar of Okawaru.
 12613 | Lair:2   | Reached skill level 10 in Invocations
 12664 | Lair:2   | Found a frozen archway.
 12696 | IceCv    | Entered an ice cave
 12743 | IceCv    | Reached XP level 12. HP: 107/110 MP: 19/19
 13439 | IceCv    | Reached skill level 5 in Armour
 13760 | IceCv    | Received a gift from Okawaru
 14065 | Lair:2   | Reached skill level 5 in Shields
 14112 | Lair:2   | Noticed a six-headed hydra
 14126 | Lair:2   | Killed a six-headed hydra
 14279 | Lair:2   | You fall into a shaft and drop 1 floor!
 14377 | Lair:2   | Noticed GeoRichter's ghost (journeyman DsWr)
 14378 | Lair:2   | Found a transporter.
 14462 | Lair:2   | Received a gift from Okawaru
 14827 | Lair:2   | Found a transporter.
 15101 | Lair:2   | Found a staircase to the Swamp.
 15421 | Lair:3   | Received a gift from Okawaru
 15424 | Lair:3   | Reached XP level 13. HP: 109/119 MP: 22/22
 15454 | Lair:3   | Noticed Fannar
 15496 | Lair:3   | Killed Fannar
 15811 | Lair:3   | Noticed Urug
 15841 | Lair:3   | Killed Urug
 16053 | Lair:3   | Found a hole to the Spider Nest.
 16641 | Lair:4   | Noticed Kirke
 16642 | Lair:4   | Reached skill level 1 in Evocations
 16664 | Lair:4   | Received a gift from Okawaru
 16709 | Lair:3   | Mangled by a cane toad

Illustrated notes

Levels and vault maps discovered:
D:1:      mushboom_english_gardens, layout_loops_ring, serial_shops,
          nicolae_shop_peninsula, nicolae_shop_bloodbath_and_beyond, shop, shop
D:2:      minmay_diamond_boxcup, layout_rooms, serial_shops, shop, st_stairs_14
D:3:      layout_basic, serial_shops, shop, due_unseen_surprise
D:4:      layout_rooms, serial_curves, eino_curves_04, eino_curves_04
D:5:      minmay_chambers_of_fours, layout_loops_ring, serial_shops,
          nicolae_take_the_stairs, uniq_eustachio
D:6:      layout_layer_cave, minmay_a_box_with_orc_wizards_in_it
D:7:      layout_basic, minmay_temple_entry_butterflies
D:8:      layout_loops_ring, gammafunk_ghost_smash, uniq_grum
D:9:      layout_roguey, lemuel_doored_altar, david_lair_shrubbed,
          enter_bailey_5, serial_library_hellmonk_u_bend
Temple:   nicolae_temple_bog_church
Lair:1:   layout_regular_city, basic_altar
Lair:2:   layout_regular_city, skrybe_swamp_entry_bodies,
          portal_ice_cave_entry_imps, gammafunk_ghost_arena,
          beast_lair_carwin_3, lemuel_fruit_fields
Lair:3:   layout_chaotic_city, spider_nest_entry_funnel_web, uniq_fannar,
          uniq_urug
Lair:4:   layout_misc_corridors, slime_entry_1, basic_altar,
          kennysheep_basilisk_garden, infiniplex_staircase_pool,
          grunt_megastairs_4, uniq_kirke

Skill      XL: |  1  2  3  4  5  6  7  8  9 10 11 12 13 |
---------------+----------------------------------------+-----
Axes           | 4 5 6 7 8 10 12 14 15 16 | 16.4
Fighting       | 3 4 5 6 7 9 10 11 12 13 | 13.2
Invocations    | 2 6 10 13 14 | 14.0
Armour         | 4 6 7 |  7.8
Shields        | 3 6 7 |  7.5
Evocations     | 3 |  3.2
Dodging        | |  1.3
Spellcasting   | |  1.7
Conjurations   | |  2.6

Action                     |  1- 3 |  4- 6 |  7- 9 | 10-12 | 13-15 || total
---------------------------+-------+-------+-------+-------+-------++-------
  Melee: Hand axe          |   129 |       |       |       |       ||   129
         Mace              |    62 |   168 |    19 |       |       ||   249
         Flail             |       |       |   315 |    10 |       ||   325
         War axe           |       |       |   151 |  1008 |   137 ||  1296
         Eveningstar       |       |       |       |       |    59 ||    59
         Unarmed           |       |       |       |       |     1 ||     1
 Invoke: Heroism           |       |       |       |     6 |     5 ||    11
  Evoke: Wand              |       |       |       |       |     5 ||     5
    Use: Potion            |       |       |     5 |     1 |     1 ||     7
         Scroll            |       |       |     8 |     7 |     2 ||    17
   Stab: Distracted        |     1 |       |       |       |       ||     1
 Armour: Leather armour    |   129 |       |       |       |       ||   129
         Chain mail        |    75 |   163 |   523 |   845 |   160 ||  1766
         Skin              |       |       |       |       |     6 ||     6
  Dodge: Dodged            |   139 |    70 |   220 |   293 |    80 ||   802
  Block: Buckler           |       |       |    27 |   173 |    58 ||   258

Table legend: (Time is in decaauts)
 A = Elapsed time spent in this place.
 B = Non-inter-level travel time spent in this place.
 C = Inter-level travel time spent in this place.
 D = Time resting spent in this place.
 E = Time spent auto-exploring this place.
 F = Levels seen in this place.
 G = Mean time per level.
                   A        B        C        D        E       F      G
               +--------+--------+--------+--------+--------+-----+--------+
         Total |  16495 |  15742 |    753 |   2915 |   9163 |  16 | 1030.9 |
       Dungeon |  10267 |   9564 |    703 |   1204 |   6090 |   9 | 1140.8 |
        Temple |    175 |    167 |      8 |    157 |      0 |   1 |  175.0 |
          Lair |   4062 |   4020 |     42 |    402 |   2742 |   4 | 1015.5 |
        Bailey |    744 |    744 |      0 |    322 |    267 |   1 |  744.0 |
      Ice Cave |   1246 |   1246 |      0 |    830 |     64 |   1 | 1246.0 |
               +--------+--------+--------+--------+--------+-----+--------+

Top non-repeatable levels by time:
     D:5: 1923 daAuts
     D:8: 1557 daAuts
  Lair:2: 1435 daAuts
     D:6: 1425 daAuts
  Lair:1: 1343 daAuts
   IceCv: 1246 daAuts
  Lair:3: 1214 daAuts
     D:9: 1089 daAuts
     D:1: 1009 daAuts
     D:3: 972 daAuts
     D:7: 951 daAuts
  Bailey: 744 daAuts
     D:4: 680 daAuts
     D:2: 657 daAuts
  Temple: 175 daAuts
